 Dungeon Crawl Stone Soup version 0.30-a0-629-gd54f4be4f7 (webtiles) character file.

Game seed: 3255508131949008953

371 bmack86 the Trooper (level 6, 0/57 HPs)
             Began as a Minotaur Fighter on Jan 13, 2023.
             Was an Initiate of Okawaru.
             Slain by a gnoll
             ... wielding a +0 halberd
              (6 damage)
             ... on level 4 of the Dungeon.
             The game lasted 00:06:42 (2421 turns).

bmack86 the Trooper (Minotaur Fighter)              Turns: 2421, Time: 00:06:42

Health: 0/57       AC: 12    Str: 23    XL:     6   Next: 42%
Magic:  14/14      EV:  7    Int:  5    God:    Okawaru [......]
Gold:   132        SH:  4    Dex:  9    Spells: 5/5 levels left

rFire   + . .      SeeInvis .    q - +0 broad axe
rCold   . . .      Faith    .    c - +0 buckler
rNeg    . . .      Spirit   .    g - +0 chain mail
rPois   .          Reflect  .    (helmet restricted)
rElec   .          Harm     .    y - +0 cloak
rCorr   .          Rampage  .    s - +0 pair of gloves
Will    .....                    (no boots) Stlth
                                 (no amulet)
HPRegen 0.29/turn                h - ring of magical power
MPRegen 0.14/turn                k - ring of protection from fire

@: no status effects
A: horns 2, retaliatory headbutt
a: Renounce Religion


You were on level 4 of the Dungeon.
You worshipped Okawaru.
Okawaru was noncommittal.
You visited 2 branches of the dungeon, and saw 5 of its levels.

You collected 188 gold pieces.
You spent 56 gold pieces at shops.

Inventory:

Hand Weapons
 a - a +0 war axe
 q - a +0 broad axe (weapon)
Missiles
 i - 4 poisoned darts
 p - 4 atropa-tipped darts (quivered)
 x - 2 throwing nets
Armour
 c - a +0 buckler (worn)
 g - a +0 chain mail (worn)
 s - a +0 pair of gloves (worn)
 y - a +0 cloak (worn)
Jewellery
 h - a ring of magical power (left hand)
 k - a ring of protection from fire (right hand)
 o - a +6 ring of intelligence
 r - a ring of resist corrosion
 t - a ring of see invisible
Scrolls
 e - 2 scrolls of amnesia
 f - a scroll of torment
 j - a scroll of fog {unknown}
 n - a scroll of teleportation {unknown}
Potions
 d - 2 potions of might
 l - a potion of attraction {unknown}
 u - a potion of haste
 v - 2 potions of resistance
 w - a potion of curing {unknown}


   Skills:
 * Level 5.9 Fighting
 * Level 5.1 Axes
 + Level 4.8 Armour
 + Level 4.8 Shields


You had 5 spell levels left.
You didn't know any spells.
Your spell library contained the following spells:

 Spells                   Type           Power      Damage    Failure   Level
 Freeze                   Ice            0%         1d3       99%         1
 Static Discharge         Conj/Air       0%         2-2/arc   100%        2
 Frozen Ramparts          Ice            0%         1d1       100%        3
 Hailstorm                Conj/Ice       0%         3d3       100%        3
 Kindle Blastsparks       Fire/Tloc/Air  0%         2d10      100%        3
 Vhi's Electric Charge    Tloc/Air       0%         N/A       100%        3
 Fulminant Prism          Conj/Hex       0%         3d5       100%        4
 Iskenderun's Mystic Bla  Conj/Tloc      0%         2d3       100%        4
 Arcjolt                  Conj/Air       0%         1d10      100%        5
 Lee's Rapid Deconstruct  Erth           0%         3d4*      100%        5
 Lightning Bolt           Conj/Air       0%         1d11      100%        5


Dungeon Overview and Level Annotations

Branches:
Dungeon (4/15)             Temple (1/1) D:4

Altars:
Gozag
Okawaru
Sif Muna
Zin

Shops:
D:2 (

Portals:
Sewer: D:4


Innate Abilities, Weirdness & Mutations

You have a pair of horns on your head.
You reflexively headbutt those who attack you in melee.


Message History

The adder is almost dead.
You block the adder's attack. The adder closely misses you.
You hit the adder.
You kill the adder!
Okawaru accepts your kill.
Found a dagger.
You hear the slow rusting of a drain nearby.
Okay, then.
As you read the scroll labelled KUH XIUFIWELI, it crumbles to dust.
Your body is wracked with pain!
It was a scroll of torment.
As you read the scroll labelled WAHAOGG ALAX, it crumbles to dust.
You assume a fearsome visage.
Nothing appears to happen.
It was a scroll of fear.
Really read the scroll of torment?
You can't even see any enemies this would affect.
Okay, then.
Unknown command.
As you read the scroll labelled DOQOJIQUKE, it crumbles to dust.
You feel aware of your surroundings.
You sensed 1 shop/portal.
It was a scroll of magic mapping.
Found a book of Frost.
Found 13 gold pieces.
You pick up a book of Frost and begin reading...
You add the spells Freeze, Frozen Ramparts and Hailstorm to your library.
A gnoll comes into view. It is wielding a +0 halberd.
Found a glowing drain.
The gnoll drinks a potion.
The gnoll goes berserk!
You block the gnoll's attack.
The gnoll hits you from afar with a +0 halberd.
You block the gnoll's attack.
The gnoll hits you from afar with a +0 halberd!
The adder hisses angrily.
The gnoll closely misses you.
You slash the gnoll!
The gnoll is heavily wounded.
The gnoll hits you with a +0 halberd!
* * * LOW HITPOINT WARNING * * *
You block the gnoll's attack.
You closely miss the gnoll.
The gnoll is heavily wounded.
The gnoll hits you with a +0 halberd.
You die...

*,,,,,,,,,, ****#######
*,,,,,,,,,, **,,,,.....#
**,,,,,,,,,,
*******,,,,,,..#.#*##*,,,,,,,,,,,
,,,,,,,,##***#.$....,,,,,,,>,,,,,
*******,#~~~~#...#.,,,,,,,,,,,,,*
*,#~~~~#....,************,,
*,#~∩~S+..g#** ***
*,#r~rw#..@#### * *,*~~~r#......#
*,*#*###......#### ***
*,,,.............## **##*,, *
***,,..###....#.##..##*..,,,, **
*,,,,,,....##.#.###..#*.#*##.
,****,**,,,..#.,....# ##.##.#....
,,,,,,*,,,..........#* #.#..).#**
***,,*,,,,...........###....#** #


You could see a worm, a gnoll (berserk), an adder, a river rat and 2 rats.

Vanquished Creatures
  2 black bears
  A hound (D:4)
  3 gnolls (D:4)
  5 adders
  2 orcs (D:3)
  4 ball pythons
  8 endoplasms
  2 giant cockroaches
  5 goblins
  4 hobgoblins
  13 jackals
  2 quokkas
  2 bats (D:1)
  2 frilled lizards
  5 kobolds
  6 rats
66 creatures vanquished.

Notes
Turn   | Place    | Note
-------+----------+-------------------------------------------
     0 | D:1      | bmack86 the Minotaur Fighter began the quest for the Orb.
     0 | D:1      | Reached XP level 1. HP: 19/19 MP: 0/0
   158 | D:1      | Reached XP level 2. HP: 27/27 MP: 1/1
   897 | D:2      | Found Coyczona's Weapon Shop.
   934 | D:2      | Found a faded altar of an unknown god.
   978 | D:2      | Reached XP level 3. HP: 33/33 MP: 2/2
  1049 | D:2      | Bought a +0 broad axe for 56 gold pieces
  1654 | D:3      | Reached XP level 4. HP: 41/41 MP: 3/3
  2015 | D:3      | Noticed a black bear
  2025 | D:3      | Killed a black bear
  2026 | D:3      | Reached skill level 5 in Fighting
  2026 | D:3      | Reached XP level 5. HP: 30/48 MP: 4/4
  2203 | D:4      | Noticed a black bear
  2203 | D:4      | Found a glowing silver altar of Zin.
  2209 | D:4      | Killed a black bear
  2210 | D:4      | Reached XP level 6. HP: 55/56 MP: 5/5
  2264 | D:4      | Reached skill level 5 in Axes
  2269 | D:4      | Found a staircase to the Ecumenical Temple.
  2284 | Temple   | Entered the Ecumenical Temple
  2290 | Temple   | Became a worshipper of Warmaster Okawaru
  2415 | D:4      | Found a glowing drain.
  2421 | D:4      | Slain by a gnoll

Illustrated notes

Levels and vault maps discovered:
D:1:      dpeg_arrival_arbitrary_a, layout_loops_ring, st_stairs_8
D:2:      minmay_alternating_diamond, layout_basic, basic_ecumenical_altar,
          serial_shops, nicolae_diamond_shop, serial_park_tiny_2, minivault_14,
          grunt_decor_cap, grunt_decor_one_mirror
D:3:      layout_loops_ring
D:4:      layout_rooms, overflow_temple_1_default,
          minmay_temple_entry_crystal_x, portal_sewer_entry_c
Temple:   kb_temple_of_zot

Skill      XL: |  1  2  3  4  5  6 |
---------------+-------------------+-----
Fighting       | 4 5 |  5.9
Axes           | 3 4 5 |  5.1
Armour         | 4 |  4.8
Shields        | 4 |  4.8

Action                   |  1- 3 |  4- 6 || total
-------------------------+-------+-------++-------
Melee: War axe           |    27 |       ||    27
       Headbutt          |    12 |     7 ||    19
       Broad axe         |    41 |    49 ||    90
  Use: Scroll            |     2 |     5 ||     7
Armor: Chain mail        |    53 |    38 ||    91
       Scale mail        |     2 |       ||     2
Dodge: Dodged            |    38 |    30 ||    68
Block: Buckler           |    26 |    24 ||    50

Table legend: (Time is in decaauts)
 A = Elapsed time spent in this place.
 B = Non-inter-level travel time spent in this place.
 C = Inter-level travel time spent in this place.
 D = Time resting spent in this place.
 E = Time spent auto-exploring this place.
 F = Levels seen in this place.
 G = Mean time per level.
                   A        B        C        D        E       F      G
               +--------+--------+--------+--------+--------+-----+--------+
         Total |   2473 |   2390 |     83 |      0 |   1450 |   5 |  494.6 |
       Dungeon |   2459 |   2376 |     83 |      0 |   1450 |   4 |  614.8 |
        Temple |     14 |     14 |      0 |      0 |      0 |   1 |   14.0 |
               +--------+--------+--------+--------+--------+-----+--------+

Top non-repeatable levels by time:
     D:1: 870 daAuts
     D:3: 744 daAuts
     D:2: 630 daAuts
     D:4: 213 daAuts
  Temple: 14 daAuts
